 Dungeon Crawl Stone Soup version 0.30.1-11-g7821555f0a (webtiles) character file.

Game seed: 170507727954962033

9582 jtron the Carver (level 11, -3/84 HPs)
             Began as a Gnoll Wanderer on Dec 24, 2023.
             Was a High Priest of Okawaru.
             Slain by Snorg (6 damage)
             ... on level 11 of the Dungeon.
             The game lasted 00:21:53 (10549 turns).

jtron the Carver (Gnoll Wanderer)                  Turns: 10549, Time: 00:21:54

Health: -3/84      AC:  9    Str: 16    XL:     11   Next: 48%
Magic:  21/21      EV: 18    Int: 19    God:    Okawaru [*****.]
Gold:   524        SH: 13    Dex: 25    Spells: 18/24 levels left

rFire   . . .        a - +4 scimitar
rCold   . . .        g - +1 buckler {reflect}
rNeg    + . .        e - +0 robe
rPois   .            E - +2 hat {SInv}
rElec   +            k - +0 cloak "Epatsaor" {rElec rN+ Int+6 Dex+3}
rCorr   +            h - +1 pair of gloves "Ocem" {Dex+6}
SInv    +            i - +0 pair of boots
Will    .....        o - amulet of reflection
Stlth   ++++         j - +6 ring of strength
HPRegen 0.34/turn    p - ring of resist corrosion
MPRegen 0.17/turn

%: reflection
@: brilliant
A: fangs 1, strong nose, distributed training
a: Renounce Religion, Heroism, Finesse, Duel


You were on level 11 of the Dungeon.
You worshipped Okawaru.
Okawaru was extremely pleased with you.
You visited 2 branches of the dungeon, and saw 12 of its levels.

You collected 572 gold pieces.
You spent 48 gold pieces at shops.

Inventory:

Hand Weapons
 a - a +4 scimitar (weapon)
 b - a +0 sling
 d - a +0 triple crossbow
 m - a +0 hand axe
 r - a +0 spectral spear
 F - a +1 long sword of freezing
Missiles
 w - 25 stones
 C - 5 poisoned darts (quivered)
 D - 9 boomerangs
 H - a throwing net
Armour
 e - a +0 robe (worn)
 g - a +1 buckler of reflection (worn)
 h - the +1 pair of gloves "Ocem" (worn) {Dex+6}
   (You found it on level 2 of the Dungeon)

   Dex:       It affects your dexterity (+6).
 i - a +0 pair of boots (worn)
 k - the +0 cloak "Epatsaor" (worn) {rElec rN+ Int+6 Dex+3}
   (You found it on level 2 of the Dungeon)

   Int:       It affects your intelligence (+6).
   Dex:       It affects your dexterity (+3).
   rElec:     It insulates you from electricity.
   rN:        It protects you from negative energy.
 t - the scarf of Jigsaw {harm, rC+ rCorr}
   (Okawaru gifted it to you on level 10 of the Dungeon)

   rC:        It protects you from cold.
   rCorr:     It protects you from acid and corrosion.
 E - a +2 hat of see invisible (worn)
 G - a scarf of resistance
 K - +0 acid dragon scales
Jewellery
 j - a +6 ring of strength (left hand)
 o - an amulet of reflection (around neck)
 p - a ring of resist corrosion (right hand)
Wands
 c - a wand of polymorph (14)
 v - a wand of roots (4)
 y - a wand of flame (20)
 J - a wand of digging (7)
 M - a wand of paralysis (1)
Scrolls
 f - 2 scrolls of immolation
 l - 2 scrolls of blinking
 s - 4 scrolls of teleportation
 u - a scroll of fog
Potions
 n - 3 potions of haste
 q - a potion of ambrosia
 x - a potion of cancellation {unknown}
 z - 2 potions of might {unknown}
 A - 3 potions of brilliance
 B - a potion of magic {unknown}
 I - 2 potions of curing
 L - a potion of invisibility {unknown}
 N - a potion of lignification {unknown}
 O - a potion of attraction {unknown}


   Skills:
 + Level 7.1 Fighting
 + Level 6.6 Short Blades
 + Level 9.4 Long Blades
 + Level 8.1 Axes
 + Level 6.6 Maces & Flails
 + Level 6.6 Polearms
 + Level 6.6 Staves
 + Level 6.6 Ranged Weapons
 + Level 6.6 Throwing
 + Level 6.6 Armour
 + Level 7.1 Dodging
 + Level 6.6 Stealth
 + Level 6.6 Shields
 + Level 6.6 Unarmed Combat
 + Level 7.2 Spellcasting
 + Level 5.4 Conjurations
 + Level 5.4 Hexes
 + Level 5.4 Summonings
 + Level 5.4 Necromancy
 + Level 5.4 Translocations
 + Level 5.4 Transmutations
 + Level 5.4 Fire Magic
 + Level 5.4 Ice Magic
 + Level 5.4 Air Magic
 + Level 5.4 Earth Magic
 + Level 5.4 Poison Magic
 + Level 7.2 Invocations
 + Level 8.1 Evocations


You had 18 spell levels left.
You knew the following spells:

 Your Spells              Type           Power      Damage    Failure   Level
a - Blink                 Tloc           82%        N/A       1%          2
b - Dispel Undead         Necr           41%        3d16      13%         4

Your spell library contained the following spells:

 Spells                   Type           Power      Damage    Failure   Level
 Cigotuvi's Dreadful Rot  Necr/Pois/Air  82%        N/A       1%          2
 Lesser Beckoning         Tloc           82%        N/A       1%          2
 Momentum Strike          Conj/Tloc      82%        3d10      1%          2
 Passage of Golubria      Tloc           41%        N/A       13%         4
 Petrify                  Tmut/Erth      41%        N/A       13%         4
 Metabolic Englaciation   Hex/Ice        20%        N/A       34%         5
 Yara's Violent Unravell  Hex/Tmut       20%        3d9       34%         5
 Statue Form              Tmut/Erth      27%        N/A       89%         6
 Tukima's Dance           Hex            Unusable   N/A       N/A         3
 Death Channel            Necr           Unusable   N/A       N/A         6

Dungeon Overview and Level Annotations

Branches:
Dungeon (11/15)            Temple (0/1) D:5             Orc (1/2) D:9
   Lair: D:8-11

Altars:
Ashenzari
Elyvilon
Gozag
Hepliaklqana
Kikubaaqudgha
Nemelex Xobeh
Okawaru
Qazlal
Ru
Trog
Uskayaw
Vehumet
Wu Jian
Zin
The Shining One

Shops:
D:4 [([=?   D:9 (

Annotations:
D:11 Grum, Snorg, Urug


Innate Abilities, Weirdness & Mutations

You have very sharp teeth.
Your uncanny sense of smell can sniff out nearby items.
Your experience applies equally to all skills.


Message History

You slice Snorg!! You bite Snorg, but do no damage.
Snorg is heavily wounded.
You hear a howl!
You block Snorg's attack. Snorg closely misses you. You block Snorg's attack.
You slash Snorg!
Snorg is heavily wounded.
You hear a howl!
Snorg closely misses you. Snorg completely misses you. Snorg claws you!
Grum closely misses you.
A warg comes into view.
You closely miss Snorg. You bite Snorg.
Snorg is heavily wounded.
Snorg bites you! You block Snorg's attack. Snorg misses you.
You block Grum's attack. You block Grum's attack. You block Snorg's attack.
Snorg misses you. Snorg claws you.
Items here: )))) [[[[ ††.
Snorg attacks as you move away! Snorg bites you.
* * * LOW HITPOINT WARNING * * *
You block Snorg's attack. x2
Snorg rages.
You slash Snorg! You bite Snorg.
Snorg is heavily wounded.
You block Snorg's attack. Snorg claws you!
* * * LOW HITPOINT WARNING * * *
You block Snorg's attack. Grum completely misses you.
It was a potion of brilliance.
You feel clever all of a sudden.
You block Snorg's attack. x2; Snorg completely misses you. x2
You block Snorg's attack. Snorg misses you.
Grum hits you from afar with a +1 spear!
* * * LOW HITPOINT WARNING * * *
You slash Snorg!
Snorg is severely wounded.
You block Snorg's attack. x2; Snorg misses you.
You slice Snorg!! Your bite misses Snorg.
Snorg is severely wounded.
You feel like a meek peon again. Grum misses you. Snorg bites you.
You die...

####.#########.......#
..#....................#
....<........###.....))#
.............# #.....[<#
.............# #########
###.........##
###.#####.#
.......#.###########..
...........hgT@........
...........h#########..
###.###....# ∆ ..
#.#....# #. #.#.##...# #
..#[# ##..# ....## .# ∆
∆ ..... . #..o .....g
.#...


You could see Snorg (berserk), Grum, a warg and a wolf.

Vanquished Creatures
  Gastronok (D:8)
  Harold (D:9)
  A two-headed ogre (D:10)
  A manticore (D:11)
  A komodo dragon (D:10)
  2 trolls
  2 hornets
  Grinder (D:6)
  A vampire (D:11)
  5 yaks
  5 humans (D:10)
  Menkaure (D:5)
  2 acid dragons
  A warg (D:11)
  4 orc warriors
  An ice beast (D:5)
  A black bear (D:4)
  2 ogres
  2 wolves (D:11)
  A centaur (D:6)
  3 phantoms (D:4)
  Blork the orc (D:6)
  A gnoll sergeant (D:9)
  3 scorpions (D:6)
  3 bullfrogs
  6 wights
  10 killer bees
  2 howler monkeys
  9 orc priests
  5 hounds
  2 jellies (D:5)
  A centaur skeleton (D:4)
  A gnoll bouda (D:9)
  3 iguanas
  A scorpion zombie (D:4)
  6 orc wizards
  2 hound zombies (D:4)
  15 gnolls
  8 adders
  2 ufetubi (D:5)
  An adder skeleton (D:4)
  An adder zombie (D:4)
  A worm (D:2)
  2 dart slugs
  34 orcs
  9 ball pythons
  14 endoplasms
  4 giant cockroaches
  5 goblins
  12 hobgoblins
  4 jackals (D:4)
  A quokka (D:2)
  3 bats (D:1)
  4 frilled lizards
  8 kobolds
  5 rats
228 creatures vanquished.

Notes
Turn   | Place    | Note
-------+----------+-------------------------------------------
     0 | D:1      | jtron the Gnoll Wanderer began the quest for the Orb.
     0 | D:1      | jtron set off with the following items: a +0 long sword, a
                  | +0 hand axe, a wand of polymorph (4), a potion of curing, a
                  | +0 robe.
     0 | D:1      | Reached XP level 1. HP: 17/17 MP: 4/4
   112 | D:1      | Reached XP level 2. HP: 16/23 MP: 5/5
   528 | D:1      | Reached XP level 3. HP: 20/28 MP: 7/7
   676 | D:2      | Found a radiant altar of Vehumet.
   765 | D:2      | Reached skill level 1 in Invocations
   861 | D:2      | Reached skill level 1 in Short Blades
   861 | D:2      | Reached skill level 1 in Maces & Flails
   861 | D:2      | Reached skill level 1 in Polearms
   861 | D:2      | Reached skill level 1 in Staves
   861 | D:2      | Reached skill level 1 in Ranged Weapons
   861 | D:2      | Reached skill level 1 in Throwing
   861 | D:2      | Reached skill level 1 in Armour
   861 | D:2      | Reached skill level 1 in Stealth
   861 | D:2      | Reached skill level 1 in Shields
   861 | D:2      | Reached skill level 1 in Unarmed Combat
   911 | D:2      | Identified the +1 pair of gloves "Ocem" {Dex+6}
   933 | D:2      | Identified the +0 cloak "Epatsaor" {rElec rN+ Int+6 Dex+3}
   983 | D:2      | Reached XP level 4. HP: 23/34 MP: 8/8
  1161 | D:2      | Found a faded altar of an unknown god.
  1231 | D:2      | Identified a scroll of acquirement
  1246 | D:2      | Acquired a +1 buckler of reflection
  1309 | D:3      | Found a glowing silver altar of Zin.
  1519 | D:3      | Reached skill level 1 in Conjurations
  1519 | D:3      | Reached skill level 1 in Hexes
  1519 | D:3      | Reached skill level 1 in Summonings
  1519 | D:3      | Reached skill level 1 in Necromancy
  1519 | D:3      | Reached skill level 1 in Translocations
  1519 | D:3      | Reached skill level 1 in Transmutations
  1519 | D:3      | Reached skill level 1 in Fire Magic
  1519 | D:3      | Reached skill level 1 in Ice Magic
  1519 | D:3      | Reached skill level 1 in Air Magic
  1519 | D:3      | Reached skill level 1 in Earth Magic
  1519 | D:3      | Reached skill level 1 in Poison Magic
  1684 | D:3      | Found an iron altar of Okawaru.
  1775 | D:3      | Found a broken altar of Ashenzari.
  1887 | D:3      | Reached XP level 5. HP: 35/41 MP: 9/9
  2241 | D:3      | Became a worshipper of Warmaster Okawaru
  2334 | D:4      | Found Louny's Magic Scroll Boutique.
  2341 | D:4      | Bought a scroll of identify for 24 gold pieces
  2341 | D:4      | Bought a scroll of identify for 24 gold pieces
  2417 | D:4      | Noticed a black bear
  2568 | D:4      | Noticed a phantom
  2661 | D:4      | Reached XP level 6. HP: 46/47 MP: 11/11
  2664 | D:4      | Found Vumorin's Antique Armour Emporium.
  2666 | D:4      | Found Seneytem's Jewellery Shop.
  2703 | D:4      | Found Joqorph's Antique Weapon Boutique.
  2703 | D:4      | Found Vuuhab Fievo's Armour Shop.
  2742 | D:4      | Reached skill level 5 in Axes
  2742 | D:4      | Reached skill level 5 in Evocations
  2809 | D:4      | Reached * piety under Okawaru
  2899 | D:4      | Killed a black bear
  2900 | D:4      | Reached skill level 7 in Long Blades
  2900 | D:4      | Reached XP level 7. HP: 49/52 MP: 12/12
  3155 | D:4      | Reached ** piety under Okawaru
  3326 | D:5      | Entered Level 5 of the Dungeon
  3416 | D:5      | Reached XP level 8. HP: 53/60 MP: 14/14
  3441 | D:5      | Found a glowing golden altar of the Shining One.
  3715 | D:5      | Noticed Menkaure
  3722 | D:5      | Killed Menkaure
  4106 | D:5      | Found a staircase to the Ecumenical Temple.
  4285 | D:6      | Noticed Grinder
  4322 | D:6      | Noticed Blork the orc
  4322 | D:6      | Found a bloodstained altar of Trog.
  4687 | D:6      | Reached *** piety under Okawaru
  4688 | D:6      | Reached XP level 9. HP: 58/66 MP: 16/16
  4701 | D:6      | Learned a level 2 spell: Blink
  4740 | D:6      | Killed Blork the orc
  4741 | D:6      | Reached skill level 5 in Spellcasting
  4922 | D:6      | Paralysed by Grinder for 2 turns
  4930 | D:6      | Killed Grinder
  4931 | D:6      | Reached skill level 5 in Fighting
  4931 | D:6      | Reached skill level 5 in Dodging
  5372 | D:7      | Found a sacrificial altar of Ru.
  5375 | D:7      | Found a stormy altar of Qazlal.
  5379 | D:7      | Found a hide-covered altar of Uskayaw.
  5529 | D:7      | Reached skill level 8 in Long Blades
  5701 | D:7      | Found an ancient bone altar of Kikubaaqudgha.
  6155 | D:8      | Found a hazy altar of Hepliaklqana.
  6185 | D:8      | Reached skill level 5 in Invocations
  6242 | D:8      | Noticed Gastronok
  6275 | D:8      | Killed Gastronok
  6275 | D:8      | Reached **** piety under Okawaru
  6276 | D:8      | Reached skill level 5 in Short Blades
  6276 | D:8      | Reached skill level 5 in Maces & Flails
  6276 | D:8      | Reached skill level 5 in Polearms
  6276 | D:8      | Reached skill level 5 in Staves
  6276 | D:8      | Reached skill level 5 in Ranged Weapons
  6276 | D:8      | Reached skill level 5 in Throwing
  6276 | D:8      | Reached skill level 5 in Armour
  6276 | D:8      | Reached skill level 5 in Stealth
  6276 | D:8      | Reached skill level 5 in Shields
  6276 | D:8      | Reached skill level 5 in Unarmed Combat
  6276 | D:8      | Reached XP level 10. HP: 23/76 MP: 18/18
  6459 | D:8      | Reached ***** piety under Okawaru
  6577 | D:8      | Learned a level 4 spell: Dispel Undead
  6641 | D:8      | Found an ornate altar of the Wu Jian Council.
  7265 | D:9      | Noticed Harold
  7345 | D:9      | Received a gift from Okawaru
  7491 | D:9      | Found a staircase to the Orcish Mines.
  7527 | D:9      | Found Geras's Weapon Shoppe.
  7712 | D:9      | Found a white marble altar of Elyvilon.
  7732 | D:9      | Identified the +1 rapier "Jellyslayer" {heavy, rN++ Str-3}
  7786 | D:9      | Killed Harold
  8384 | D:10     | Entered Level 10 of the Dungeon
  8765 | D:10     | Identified the scarf of Jigsaw {harm, rC+ rCorr} (Okawaru
                  | gifted it to you on level 10 of the Dungeon)
  8765 | D:10     | Received a gift from Okawaru
  8957 | D:10     | Reached skill level 9 in Long Blades
  9235 | D:10     | Found an opulent altar of Gozag.
  9236 | D:10     | Found a sparkling altar of Nemelex Xobeh.
  9275 | D:10     | Reached skill level 5 in Conjurations
  9275 | D:10     | Reached skill level 5 in Hexes
  9275 | D:10     | Reached skill level 5 in Summonings
  9275 | D:10     | Reached skill level 5 in Necromancy
  9275 | D:10     | Reached skill level 5 in Translocations
  9275 | D:10     | Reached skill level 5 in Transmutations
  9275 | D:10     | Reached skill level 5 in Fire Magic
  9275 | D:10     | Reached skill level 5 in Ice Magic
  9275 | D:10     | Reached skill level 5 in Air Magic
  9275 | D:10     | Reached skill level 5 in Earth Magic
  9275 | D:10     | Reached skill level 5 in Poison Magic
  9275 | D:10     | Reached XP level 11. HP: 56/83 MP: 21/21
  9278 | D:10     | Noticed a two-headed ogre
  9695 | D:10     | Paralysed by a human for 5 turns
  9794 | D:10     | Noticed a two-headed ogre
  9811 | D:10     | Killed a two-headed ogre
 10044 | D:11     | Noticed Urug
 10052 | D:11     | Noticed a manticore
 10055 | D:11     | Noticed Grum
 10079 | D:11     | Killed a manticore
 10080 | D:11     | Paralysed by a hornet for 3 turns
 10388 | Orc:1    | Entered Level 1 of the Orcish Mines
 10518 | D:11     | Noticed Snorg
 10547 | D:11     | HP: 3/84 [Grum/+1 spear (14)]
 10549 | D:11     | Slain by Snorg

Illustrated notes

Levels and vault maps discovered:
D:1:      ebering_hopf_link, layout_loops_ring
D:2:      layout_rooms, shapermc_ecumenical_altar_mp_vishouse, basic_altar
D:3:      layout_basic, mainiacjoe_overflow_chevrons,
          mainiacjoe_overflow_small_starburst,
          hellmonk_okawaru_the_only_friend_you_need, serial_forest,
          infiniplex_forest_straight_4, infiniplex_forest_clump_small,
          infiniplex_forest_diagonal, infiniplex_forest_lined_room_2,
          infiniplex_forest_lined_2, infiniplex_forest_straight_1,
          infiniplex_forest_clump_double
D:4:      minmay_chambers_of_threes, layout_basic, serial_shops, shop,
          serial_undead, serial_undead_b, serial_undead_d, serial_undead_e,
          serial_undead_d, nicolae_wooded_promenade
D:5:      layout_loops_corners, amcnicky_altar_gilded, temple_doors_e,
          uniq_menkaure
D:6:      layout_rooms, bloody_trog, uniq_blork_the_orc, uniq_grinder
D:7:      layout_basic, grunt_temple_overflow_diamond, general_overflow_altar
D:8:      layout_cave_pools, nzn_wu_jian_council_hall,
          mainiacjoe_overflow_surrounded_room, kennysheep_generic_room_6,
          uniq_gastronok
D:9:      layout_basic, mainiacjoe_overflow_concentric_impassable, orc_david_3,
          uniq_harold
D:10:     layout_loops_corners, grunt_temple_overflow_opulence, minmay_ruffians
D:11:     layout_basic, erik_lair_orcish_takeover, serial_shops,
          nicolae_shop_getting_attention, serial_rivers,
          chequers_serial_rivers_micro_e, chequers_serial_rivers_large_b,
          chequers_serial_rivers_micro_c, chequers_serial_rivers_micro_a,
          minmay_fractal_squares_diagonal_5, uniq_grum, uniq_snorg, uniq_urug
Orc:1:    layout_caves, gammafunk_ghost_arena

Skill      XL: |  1  2  3  4  5  6  7  8  9 10 11 |
---------------+----------------------------------+-----
Invocations    | 1 2 3 4 5 6 7 |  7.2
Short Blades   | 1 2 3 5 6 |  6.6
Maces & Flails | 1 2 3 5 6 |  6.6
Polearms       | 1 2 3 5 6 |  6.6
Staves         | 1 2 3 5 6 |  6.6
Ranged Weapons | 1 2 3 5 6 |  6.6
Throwing       | 1 2 3 5 6 |  6.6
Armour         | 1 2 3 5 6 |  6.6
Stealth        | 1 2 3 5 6 |  6.6
Shields        | 1 2 3 5 6 |  6.6
Unarmed Combat | 1 2 3 5 6 |  6.6
Spellcasting   | 3 4 5 6 7 |  7.2
Conjurations   | 1 2 3 4 5 |  5.4
Hexes          | 1 2 3 4 5 |  5.4
Summonings     | 1 2 3 4 5 |  5.4
Necromancy     | 1 2 3 4 5 |  5.4
Translocations | 1 2 3 4 5 |  5.4
Transmutations | 1 2 3 4 5 |  5.4
Fire Magic     | 1 2 3 4 5 |  5.4
Ice Magic      | 1 2 3 4 5 |  5.4
Air Magic      | 1 2 3 4 5 |  5.4
Earth Magic    | 1 2 3 4 5 |  5.4
Poison Magic   | 1 2 3 4 5 |  5.4
Fighting       | 3 4 5 6 7 |  7.1
Dodging        | 3 4 5 6 7 |  7.1
Axes           | 5 6 7 8 |  8.1
Evocations     | 5 6 7 8 |  8.1
Long Blades    | 7 8 9 |  9.4

Action                     |  1- 3 |  4- 6 |  7- 9 | 10-12 || total
---------------------------+-------+-------+-------+-------++-------
  Melee: Long sword        |   116 |   130 |   302 |    43 ||   591
         Bite              |     9 |    16 |    51 |    54 ||   130
         Punch             |     2 |       |       |       ||     2
         Scimitar          |       |       |       |   277 ||   277
  Throw: Dart              |       |       |     1 |     8 ||     9
   Cast: Blink             |       |       |       |     1 ||     1
 Invoke: Heroism           |       |       |     5 |     3 ||     8
  Evoke: Wand              |       |       |     4 |     2 ||     6
    Use: Scroll            |     3 |     7 |     3 |     6 ||    19
         Potion            |       |     2 |     2 |     4 ||     8
   Stab: Distracted        |     1 |       |     1 |     1 ||     3
         Sleeping          |     3 |     7 |     9 |     5 ||    24
 Armour: Robe              |    32 |    30 |    55 |    38 ||   155
  Dodge: Dodged            |    92 |    61 |   191 |   204 ||   548
  Block: Buckler           |       |    75 |   229 |   253 ||   557
         Reflection        |       |     1 |       |     1 ||     2
